 Dungeon Crawl Stone Soup version 0.20-a0-1000-g0e8f6bb (webtiles) character file.

484591 Monsterracer the Conqueror (level 23, -3/240 HPs)
             Began as a Minotaur Berserker on Apr 12, 2017.
             Was the Champion of Trog.
             Slain by an Executioner (5 damage)
             ... summoned by a deep elf demonologist
             ... on level 3 of the Elven Halls.
             The game lasted 02:29:22 (49331 turns).

Monsterracer the Conqueror (Minotaur Berserker)    Turns: 49331, Time: 02:29:22

Health: -3/240     AC: 37    Str: 31    XL:     23   Next: 47%
Magic:  23/23      EV: 16    Int: 10    God:    Trog [******]
Gold:   6373       SH: 37    Dex: 11    Spells: 22/22 levels left

rFire    . . .     SeeInvis +   x - +9 broad axe of Division {chop, +Fly Int+6}
rCold    . . .     Gourm    .   t - +7 large shield "Piroo" {MR+}
rNeg     + . .     Faith    .   K - +4 plate armour {MR+}
rPois    +         Spirit   .   (helmet restricted)
rElec    .         Reflect  +   k - +2 cloak {MR+}
rCorr    .         Harm     .   N - +2 pair of gloves
MR       +++++                  r - +2 pair of boots
Stlth    ..........             M - +5 amulet of reflection
Regen    1.5/turn               m - ring of Boadinun {+Blink rPois rN+}
MPRegen  0.2/turn               v - ring "Jeitron" {+Blink MR+ SInv}

@: about to teleport, very slightly contaminated, regenerating
A: retaliatory headbutt, claws 1, horns 2, thin metallic scales 1, wild magic 1
}: 3/15 runes: decaying, silver, gossamer
a: Berserk, Trog's Hand, Brothers in Arms, Burn Spellbooks, Renounce Religion,
Evoke Blink, Evoke Flight


You were on level 3 of the Elven Halls.
You worshipped Trog.
Trog was exalted by your worship.
You were hungry.

You visited 7 branches of the dungeon, and saw 39 of its levels.

You collected 7023 gold pieces.
You spent 650 gold pieces at shops.

Inventory:

Hand Weapons
 x - the +9 broad axe of Division (weapon) {chop, +Fly Int+6}
   (Trog gifted it to you on level 4 of the Lair of Beasts)

   It inflicts extra damage upon your enemies.
   It affects your intelligence (+6).
   It lets you fly.
Armour
 j - the +1 hat of Gluttony {-Tele rElec rF+++ rCorr}
   (You acquired it on level 2 of the Elven Halls)

   It renders you almost immune to fire.
   It insulates you from electricity.
   It prevents most forms of teleportation.
   It protects you from acid and corrosion.
 k - a +2 cloak of magic resistance (worn)
 r - a +2 pair of boots (worn)
 t - the +7 large shield "Piroo" (worn) {MR+}
   (You acquired it on level 4 of the Spider Nest)

   It affects your resistance to hostile enchantments.
 K - a +4 plate armour of magic resistance (worn)
 N - a +2 pair of gloves (worn)
 O - a +2 plate armour of fire resistance
Jewellery
 m - the ring of Boadinun (left hand) {+Blink rPois rN+}
   (You found it on level 4 of the Dungeon)

   [ring of positive energy]

   It protects you from poison.
   It protects you from negative energy.
   It lets you blink.
 o - an uncursed ring of protection from magic
 v - the ring "Jeitron" (right hand) {+Blink MR+ SInv}
   (You found it on level 7 of the Dungeon)

   [ring of protection from magic]

   It affects your resistance to hostile enchantments.
   It lets you see invisible.
   It lets you blink.
 E - an uncursed ring of positive energy
 M - a +5 amulet of reflection (around neck)
Wands
 p - a wand of digging (16/24)
 w - a wand of disintegration (11/24)
 A - a wand of disintegration (10/24)
Scrolls
 b - a scroll of holy word
 d - 11 scrolls of teleportation
 e - 27 scrolls of identify
 i - 19 scrolls of remove curse
 l - 6 scrolls of enchant weapon
 q - 4 scrolls of fog
 u - 8 scrolls of recharging
 y - 4 scrolls of magic mapping
 C - 3 scrolls of enchant armour
 G - 4 scrolls of fear
Potions
 h - 10 potions of mutation
 n - 2 potions of resistance
 s - 24 potions of curing
 D - 2 potions of might
 F - 9 potions of ambrosia
 H - 4 potions of flight
 I - 2 potions of invisibility
 J - 4 potions of haste
 L - a potion of cancellation
 P - 2 potions of agility
Comestibles
 a - 9 fruits
 c - 19 bread rations
 f - 22 meat rations
 g - 27 royal jellies
 Q - 2 chunks of flesh


   Skills:
 O Level 27 Fighting
 - Level 18.0 Axes
 * Level 21.6 Armour
 + Level 17.7 Dodging
 + Level 20.9 Shields
 - Level 1.5 Unarmed Combat
 - Level 2.0 Evocations


You had 22 spell levels left.
You didn't know any spells.

Dungeon Overview and Level Annotations

Branches:
Dungeon (15/15)            Temple (0/1) D:7            Lair (6/6) D:9
  Swamp (4/4) Lair:2       Spider (4/4) Lair:2        Slime (0/5) Lair:6
    Orc (2/2) D:11            Elf (3/3) Orc:2        Vaults (5/5) D:14
  Crypt (0/3) Vaults:3     Depths (0/5) D:15

Altars:
Ashenzari
Cheibriados
Dithmenos
Fedhas
Kikubaaqudgha
Nemelex Xobeh
Ru
Sif Muna
Trog
Vehumet
Wu Jian
Xom
Yredelemnul
Zin
The Shining One
Beogh
Jiyva

Shops:
Orc:2 }*:?*   Elf:1 *   Vaults:2 (   Vaults:4 [

Portals:
Bazaar: D:11


Innate Abilities, Weirdness & Mutations

You reflexively headbutt those who attack you in melee.
You have a pair of horns on your head.
You have sharp fingernails.
You are partially covered in thin metallic scales. (AC +2)
Your spells are a little harder to cast, but a little more powerful.


Message History

You are feeling hungry.
You block the Executioner's attack. x2; The Executioner completely misses you.
The Executioner hits you but does no damage. x2
You block the Executioner's attack. The balrug gestures at you.
Something smites you!
* * * LOW HITPOINT WARNING * * *
The Executioner misses you. You furiously retaliate!
You headbutt the Executioner. The Executioner barely misses you.
The Executioner hits you but does no damage.
You block the Executioner's attack. x2
The Executioner hits you but does no damage.
The Executioner hits you!
* * * LOW HITPOINT WARNING * * *
You block the Executioner's attack. x2
As you read the scroll of fear, it crumbles to dust.
You assume a fearsome visage.
The Executioner is unaffected.
The balrug is unaffected.
The ice devil is unaffected.
The Executioner hits you.
You die...

######### ###'# #.#
#.# ######.##
#.......# #.#####.#
#.# #.# #@#
#########+## ##1##
##..........###...##
#...........##2.§..##
.......))...#.......##
.......)2ee.4.§......#
######)###############
#2))).# #e.4..#


You could see a balrug, an Executioner and an ice devil.

Vanquished Creatures
  Mennas (Vaults:2)
  the Lernaean hydra (Swamp:4)
  Margery (Vaults:4)
  Saint Roka (Vaults:3)
  Jory (Vaults:4)
  Nikola (Vaults:3)
  A golden dragon (Vaults:4)
  5 tentacled monstrosities
  Jorgrun (Vaults:3)
  The ghost of kuniqs the Peltast, an adept FoFi of Okawaru (Swamp:4)
  A lich (Vaults:4)
  6 titans
  A deep elf blademaster (Elf:3)
  Frances (D:12)
  Agnes (Spider:3)
  3 storm dragons
  4 sphinxes
  3 tengu reavers (Vaults:5)
  6 shadow dragons
  Donald (Spider:2)
  5 deep elf sorcerers
  5 frost giants
  15 vault wardens
  Aizul (Elf:2)
  4 fire giants
  An iron dragon (Vaults:5)
  5 ghost moths
  8 deep elf elementalists
  A ghoul (Vaults:5)
  2 orc warlords
  8 emperor scorpions
  19 ironheart preservers
  3 war gargoyles
  10 very ugly things
  2 entropy weavers
  11 stone giants
  4 deep elf demonologists
  3 deep elf annihilators
  A dire elephant (Lair:6)
  A spark wasp (Spider:4)
  4 crystal guardians (Elf:3)
  4 ettins
  2 deep elf death magi
  Josephine (D:10)
  4 deep elf high priests
  A rakshasa (D:15)
  2 great orbs of eyes
  4 hydras
  10 yaktaur captains
  Harold (D:10)
  2 catoblepae
  38 vault guards
  A ghost crab (Swamp:2)
  A death knight (Vaults:5)
  34 dancing weapons
  11 alligators
  19 ogre magi
  50 two-headed ogres
  8 centaur warriors
  Urug (Lair:5)
  8 death scarabs (Spider:4)
  7 death yaks (Lair:6)
  2 tengu warriors (D:14)
  A deep troll shaman (Lair:6)
  5 orc high priests
  A spriggan (Swamp:4)
  Sonja (D:15)
  25 deep elf knights
  2 storm dragon zombies
  A skeletal warrior (Vaults:5)
  A spectral emperor scorpion (Spider:4)
  7 deep trolls
  A storm dragon skeleton (Vaults:3)
  2 shadow wraiths
  7 hell knights
  3 wizards
  14 deep elf archers
  An unseen horror (D:9)
  11 swamp dragons
  3 phantasmal warriors
  4 spectral wolf spiders (Spider:4)
  11 necromancers
  19 ironbrand convokers
  24 orb spiders
  A wolf spider zombie (Spider:4)
  A tengu zombie (Vaults:4)
  14 orc knights
  62 deep elf magi
  10 orc sorcerers
  2 oklob plants
  3 manticores
  A salamander (shapeshifter) (Vaults:4)
  4 moths of wrath
  A manticore (shapeshifter) (Vaults:4)
  34 ugly things
  A tengu skeleton (Vaults:4)
  3 cyclopes
  38 wolf spiders
  A sphinx skeleton (Vaults:1)
  A black mamba (shapeshifter) (Vaults:3)
  9 elephants (Lair:6)
  A frost giant skeleton (Vaults:3)
  5 black mambas
  A stone giant skeleton (Vaults:3)
  Joseph (D:9)
  Psyche (D:10)
  17 vault sentinels
  3 gargoyles
  A spiny frog (shapeshifter) (Vaults:3)
  5 rime drakes (Lair:5)
  2 spectral redbacks (Spider:4)
  A human zombie (Vaults:3)
  20 spiny frogs
  3 centaur skeletons
  11 komodo dragons
  47 yaktaurs
  2 redback zombies (Spider:4)
  5 freezing wraiths
  9 demonic crawlers
  A yaktaur skeleton (Vaults:4)
  A meliai (shapeshifter) (Vaults:1)
  6 polar bears
  11 trolls
  A troll (shapeshifter) (Vaults:4)
  33 jumping spiders
  A merfolk (D:10)
  A queen bee (Lair:3)
  A tengu simulacrum (Vaults:3)
  32 slime creatures
  8 tyrant leeches
  14 hornets
  A jumping spider zombie (Spider:4)
  A queen bee (shapeshifter) (Vaults:2)
  A sphinx simulacrum (Vaults:4)
  18 blink frogs
  A fire giant simulacrum (Vaults:4)
  9 spectral tarantellas (Spider:4)
  A blink frog (shapeshifter) (Vaults:1)
  3 tarantella zombies (Spider:4)
  5 bog bodies
  2 stone giant simulacra
  A harpy skeleton (D:14)
  4 dream sheep (Lair:4)
  17 hippogriffs
  5 water elementals
  2 air elementals (Elf:2)
  A shadow (Swamp:2)
  61 redbacks
  6 wyverns
  10 wraiths
  A human (shapeshifter) (Vaults:3)
  39 tarantellas
  A hog (shapeshifter) (Vaults:2)
  5 basilisks
  2 humans
  61 yaks
  24 vampire mosquitoes
  Grum (Lair:1)
  3 fire elementals
  4 hungry ghosts
  7 insubstantial wisps
  20 swamp worms
  2 acid dragons
  27 wargs
  An acid dragon (shapeshifter) (Vaults:2)
  7 water moccasins
  A swamp drake (shapeshifter) (D:15)
  A floating eye (shapeshifter) (D:15)
  11 porcupines
  11 swamp drakes
  44 orc warriors
  An eye of draining (D:15)
  3 ice beasts
  5 black bears
  A spectral hornet (Spider:4)
  4 sky beasts
  8 boggarts
  58 ogres
  2 phantoms
  An ettin simulacrum (Vaults:1)
  2 necrophages
  16 centaurs
  32 wolves
  17 crocodiles
  A big kobold (D:10)
  14 bullfrogs
  An ogre simulacrum (Vaults:1)
  3 earth elementals
  5 scorpions
  A scorpion (shapeshifter) (Vaults:2)
  3 human simulacra
  25 killer bees (Lair:3)
  7 wights
  An elf simulacrum (Vaults:4)
  2 howler monkeys
  5 electric eels
  2 centaur zombies
  5 crimson imps
  A bullfrog zombie (D:12)
  6 hounds
  4 jellies
  A gnoll shaman (D:5)
  22 orc priests
  3 iguanas
  33 orc wizards
  13 worker ants
  2 hound skeletons
  A worker ant zombie (D:11)
  11 gnolls
  10 adders
  2 shadow imps
  An ufetubus (Vaults:1)
  2 oozes
  An adder skeleton (D:5)
  An adder zombie (D:5)
  A dart slug (D:1)
  3 leopard geckos
  121 orcs
  6 bats
  6 giant cockroaches
  4 goblins
  2 hobgoblins
  13 jackals
  13 kobolds
  3 quokkas
  2 frilled lizards
  A jackal zombie (D:5)
  A quokka zombie (D:7)
  10 rats
  7 fungi
  11 plants
1905 creatures vanquished.

Vanquished Creatures (collateral kills)
  A thorn hunter (Swamp:1)
  An ironheart preserver (Vaults:4)
  14 hydras
  A swamp dragon (Swamp:4)
  A deep elf mage (Vaults:4)
  2 rime drakes (Lair:5)
  A bog body (Swamp:3)
  3 hippogriffs (Lair:5)
  3 wyverns (Lair:5)
  3 insubstantial wisps (Swamp:1)
  An orc priest (Orc:2)
  A briar patch (Swamp:1)
32 creatures vanquished.

Vanquished Creatures (others)
  A fire giant (Vaults:4)
  A stone giant (Vaults:5)
  6 yaktaur captains
  A centaur warrior (D:14)
  An unseen horror (Vaults:1)
  5 deep elf archers
  A deep elf mage (Vaults:1)
  A wolf spider (Spider:1)
  9 yaktaurs
  A sky beast (D:11)
  2 centaurs (D:14)
  A jelly (D:11)
  2 orcs
  2 briar patches (Swamp:1)
  5 fungi
  6 plants
45 creatures vanquished.

Grand Total: 1982 creatures vanquished

Notes
Turn   | Place    | Note
-------+----------+-------------------------------------------
     0 | D:1      | Monsterracer the Minotaur Berserker began the quest for the Orb.
     0 | D:1      | Reached XP level 1. HP: 19/19 MP: 0/0
   219 | D:1      | Gained mutation: You have a pair of large horns on your head. [potion of mutation]
   219 | D:1      | Gained mutation: Scrolls take you a little longer to read. [potion of mutation]
   219 | D:1      | Gained mutation: You tend to lose your temper in combat. [potion of mutation]
   219 | D:1      | Gained mutation: You have sharp toenails. [potion of mutation]
   238 | D:1      | Reached XP level 2. HP: 26/26 MP: 1/1
   604 | D:2      | Reached skill level 5 in Axes
   688 | D:2      | Reached XP level 3. HP: 31/31 MP: 2/2
   724 | D:2      | Reached ** piety under Trog
  1002 | D:2      | Found a shadowy altar of Dithmenos.
  1305 | D:3      | Lost mutation: Scrolls take you a little longer to read. [potion of mutation]
  1305 | D:3      | Lost mutation: You have a pair of large horns on your head. [potion of mutation]
  1305 | D:3      | Lost mutation: You tend to lose your temper in combat. [potion of mutation]
  1305 | D:3      | Gained mutation: You tend to lose your temper in combat. [potion of mutation]
  1305 | D:3      | Gained mutation: Your spells are a little harder to cast, but a little more powerful. [potion of mutation]
  1305 | D:3      | Gained mutation: You have sharp fingernails. [potion of mutation]
  1351 | D:3      | Reached XP level 4. HP: 34/39 MP: 3/3
  1500 | D:3      | Noticed a phantom
  1535 | D:3      | HP: 1/39 [phantom (5)]
  1536 | D:3      | Killed a phantom
  1536 | D:3      | Reached XP level 5. HP: 2/45 MP: 4/4
  1914 | D:3      | Found a bloodstained altar of Trog.
  1914 | D:3      | Found a snail-covered altar of Cheibriados.
  1914 | D:3      | Found a glowing golden altar of the Shining One.
  1914 | D:3      | Found an ornate altar of the Wu Jian Council.
  1924 | D:3      | Found a sacrificial altar of Ru.
  1924 | D:3      | Found a shattered altar of Ashenzari.
  2283 | D:4      | Got a glittering granite ring
  2284 | D:4      | Identified the ring of Boadinun {+Blink rPois rN+} (You found it on level 4 of the Dungeon)
  2538 | D:4      | Noticed an ogre
  2542 | D:4      | Killed an ogre
  2542 | D:4      | Reached skill level 1 in Shields
  2542 | D:4      | Reached XP level 6. HP: 52/52 MP: 5/5
  2685 | D:5      | Entered Level 5 of the Dungeon
  2759 | D:5      | Reached skill level 4 in Fighting
  2786 | D:5      | Reached skill level 1 in Evocations
  3040 | D:5      | Lost mutation: You have sharp toenails. [potion of mutation]
  3040 | D:5      | Lost mutation: You tend to lose your temper in combat. [potion of mutation]
  3040 | D:5      | Gained mutation: You are partially covered in thin metallic scales. (AC +2) [potion of mutation]
  3174 | D:5      | Reached XP level 7. HP: 59/59 MP: 7/7
  3196 | D:5      | Reached *** piety under Trog
  3830 | D:5      | Reached skill level 5 in Fighting
  4077 | D:6      | Reached XP level 8. HP: 68/68 MP: 8/8
  4706 | D:6      | Found a radiant altar of Vehumet.
  4761 | D:7      | Reached skill level 5 in Armour
  4943 | D:7      | Reached skill level 6 in Fighting
  4943 | D:7      | Reached skill level 10 in Axes
  5117 | D:7      | Found a staircase to the Ecumenical Temple.
  5336 | D:7      | Got a scorched jade ring
  5338 | D:7      | Identified the ring "Jeitron" {+Blink MR+ SInv} (You found it on level 7 of the Dungeon)
  5394 | D:7      | Reached **** piety under Trog
  5592 | D:7      | Reached XP level 9. HP: 77/78 MP: 9/9
  5599 | D:7      | Found a shimmering altar of Xom.
  5628 | D:7      | Reached skill level 7 in Fighting
  6002 | D:8      | Noticed a two-headed ogre
  6010 | D:8      | Killed a two-headed ogre
  6104 | D:8      | Reached skill level 8 in Fighting
  6174 | D:8      | Found a deep blue altar of Sif Muna.
  6353 | D:8      | Noticed a two-headed ogre
  6364 | D:8      | Killed a two-headed ogre
  6364 | D:8      | Reached XP level 10. HP: 90/90 MP: 10/10
  6768 | D:9      | Noticed an unseen horror
  6809 | D:9      | Killed an unseen horror
  6809 | D:9      | Reached skill level 9 in Fighting
  6991 | D:9      | Noticed Joseph
  7002 | D:9      | Killed Joseph
  7175 | D:9      | Found a staircase to the Lair.
  7493 | Lair:1   | Entered Level 1 of the Lair of Beasts
  7495 | Lair:1   | Noticed Grum
  7507 | Lair:1   | Killed Grum
  7793 | Lair:1   | Reached skill level 5 in Shields
  7871 | Lair:1   | Noticed a spiny frog
  7886 | Lair:1   | Killed a spiny frog
  8460 | Lair:2   | Noticed a black mamba
  8472 | Lair:2   | Killed a black mamba
  8479 | Lair:2   | Reached ***** piety under Trog
  8479 | Lair:2   | Reached XP level 11. HP: 60/99 MP: 11/11
  8744 | Lair:2   | Noticed a catoblepas
  8769 | Lair:2   | Killed a catoblepas
  8769 | Lair:2   | Reached skill level 10 in Fighting
  9022 | Lair:2   | Noticed an oklob plant
  9036 | Lair:2   | Killed an oklob plant
  9368 | Lair:2   | Reached skill level 10 in Armour
  9460 | Lair:2   | Reached skill level 15 in Axes
 10041 | Lair:2   | Found a hole to the Spider Nest.
 10379 | Lair:2   | Found a staircase to the Swamp.
 11071 | Lair:3   | Reached skill level 11 in Fighting
 11071 | Lair:3   | Reached XP level 12. HP: 63/110 MP: 12/12
 12839 | Lair:4   | Found a sparkling altar of Nemelex Xobeh.
 13000 | Lair:4   | Received a gift from Trog
 13015 | Lair:4   | Got an ichor-stained broad axe {god gift}
 13016 | Lair:4   | Identified the +9 broad axe of Division {chop, +Fly Int+6} (Trog gifted it to you on level 4 of the Lair of Beasts)
 13089 | Lair:4   | Noticed a four-headed hydra
 13094 | Lair:4   | Killed a five-headed hydra
 13505 | Lair:5   | Noticed Urug
 13519 | Lair:5   | Killed Urug
 13519 | Lair:5   | Reached XP level 13. HP: 74/117 MP: 13/13
 13526 | Lair:5   | Reached skill level 12 in Fighting
 14277 | Lair:5   | Reached skill level 10 in Shields
 14680 | Lair:6   | Entered Level 6 of the Lair of Beasts
 14745 | Lair:6   | Reached skill level 1 in Unarmed Combat
 14835 | Lair:6   | Found a viscous altar of Jiyva.
 14836 | Lair:6   | Found a staircase to the Slime Pits.
 15151 | Lair:6   | Reached skill level 13 in Fighting
 15513 | Lair:6   | Reached XP level 14. HP: 116/129 MP: 14/14
 16061 | Lair:6   | Reached skill level 5 in Dodging
 16068 | Lair:6   | Received a gift from Trog
 16209 | D:10     | Entered Level 10 of the Dungeon
 16209 | D:10     | Noticed Harold
 16214 | D:10     | Killed Harold
 16214 | D:10     | Reached skill level 14 in Fighting
 16224 | D:10     | Noticed Psyche
 16230 | D:10     | Killed Psyche
 16535 | D:10     | Noticed Josephine
 16539 | D:10     | Killed Josephine
 16539 | D:10     | Received a gift from Trog
 16925 | D:11     | Reached ****** piety under Trog
 16928 | D:11     | Found a staircase to the Orcish Mines.
 17081 | D:11     | Found a gateway to a bazaar.
 17334 | Orc:1    | Entered Level 1 of the Orcish Mines
 18024 | Orc:1    | Reached skill level 15 in Fighting
 18037 | Orc:1    | Received a gift from Trog
 18459 | Orc:2    | Entered Level 2 of the Orcish Mines
 18568 | Orc:2    | Found Rasececs's Quality Used Wands.
 18673 | Orc:2    | Found a roughly hewn altar of Beogh.
 18962 | Orc:2    | Paralysed by an orc sorcerer for 6 turns
 19147 | Orc:2    | Reached XP level 15. HP: 134/141 MP: 15/15
 19245 | Orc:2    | Received a gift from Trog
 19469 | Orc:2    | Found Hogeaf's General Store.
 19469 | Orc:2    | Found Jadaes's Assorted Antiques.
 19536 | Orc:2    | Found a staircase to the Elven Halls.
 19577 | Orc:2    | Found Pouptyh's Book Shoppe.
 19582 | Orc:2    | Found Goudwe's Magic Scroll Shoppe.
 19596 | Orc:2    | Bought a runed plate armour for 650 gold pieces
 20226 | D:12     | Found a blossoming altar of Fedhas.
 20247 | D:12     | Noticed Frances
 20257 | D:12     | Killed Frances
 20812 | D:13     | Reached skill level 16 in Fighting
 21201 | D:14     | Received a gift from Trog
 21371 | D:14     | Found a shattered altar of Ashenzari.
 21516 | D:14     | Noticed an orc warlord
 21536 | D:14     | Killed an orc warlord
 22031 | D:14     | Reached skill level 15 in Armour
 22127 | D:14     | Found a gate to the Vaults.
 22201 | D:14     | Found a glowing silver altar of Zin.
 22463 | D:15     | Entered Level 15 of the Dungeon
 23195 | D:15     | Noticed Sonja
 23198 | D:15     | Killed Sonja
 23332 | D:15     | Reached skill level 17 in Fighting
 23368 | D:15     | Received a gift from Trog
 23377 | D:15     | Found a staircase to the Depths.
 24034 | Swamp:1  | Entered Level 1 of the Swamp
 24052 | Swamp:1  | Noticed a thorn hunter
 24064 | Swamp:1  | Killed a thorn hunter
 24247 | Swamp:1  | Reached XP level 16. HP: 155/155 MP: 16/16
 25326 | Swamp:3  | Received a gift from Trog
 25964 | Swamp:4  | Entered Level 4 of the Swamp
 26005 | Swamp:4  | Noticed kuniqs's ghost (adept FoFi)
 26205 | Swamp:4  | Killed kuniqs's ghost
 26825 | Swamp:4  | Reached skill level 18 in Fighting
 27922 | Swamp:4  | Reached skill level 10 in Dodging
 28706 | Swamp:4  | Noticed the 27-headed Lernaean hydra
 28841 | Spider:1 | Entered Level 1 of the Spider Nest
 29667 | Spider:1 | Found a runed door.
 29731 | Spider:1 | Reached XP level 17. HP: 131/166 MP: 17/17
 29892 | Spider:1 | Reached skill level 15 in Shields
 30014 | Spider:2 | Reached skill level 19 in Fighting
 30494 | Spider:2 | Noticed Donald
 30512 | Spider:2 | Killed Donald
 30905 | Spider:2 | Received a gift from Trog
 31304 | Spider:3 | Noticed Agnes
 31318 | Spider:3 | Killed Agnes
 32142 | Spider:3 | Identified a scroll of acquirement
 32341 | Spider:4 | Entered Level 4 of the Spider Nest
 32491 | Spider:4 | Received a gift from Trog
 32621 | Spider:3 | Reached skill level 20 in Fighting
 33283 | Spider:4 | Reached XP level 18. HP: 149/179 MP: 18/18
 33516 | Spider:4 | Received a gift from Trog
 34313 | Spider:4 | Got an ichor-stained large shield
 34324 | Spider:4 | Identified the +7 large shield "Piroo" {MR+} (You acquired it on level 4 of the Spider Nest)
 34337 | Spider:4 | Got a gossamer rune of Zot
 34837 | Swamp:4  | Killed the 27-headed Lernaean hydra
 35105 | Swamp:4  | Got a decaying rune of Zot
 35432 | Vaults:1 | Entered Level 1 of the Vaults
 35550 | Vaults:1 | Reached skill level 21 in Fighting
 35556 | Vaults:1 | Received a gift from Trog
 35574 | Vaults:1 | Got an encrusted scale mail
 35585 | Vaults:1 | Identified the +3 scale mail of Subjectivity {*Contam rElec rF- Dex+7} (You found it on level 1 of the Vaults)
 36402 | Vaults:1 | Received a gift from Trog
 36555 | Vaults:2 | Reached XP level 19. HP: 190/190 MP: 19/19
 36793 | Vaults:2 | Noticed Mennas
 36831 | Vaults:2 | Killed Mennas
 37058 | Vaults:2 | Reached skill level 22 in Fighting
 37182 | Vaults:2 | Found Emafaq's Weapon Shop.
 37806 | Vaults:3 | Found a staircase to the Crypt.
 37806 | Vaults:3 | Found an ancient bone altar of Kikubaaqudgha.
 37807 | Vaults:3 | Found a basalt altar of Yredelemnul.
 38359 | Vaults:3 | Received a gift from Trog
 38630 | Vaults:3 | Noticed Nikola
 38643 | Vaults:3 | Killed Nikola
 38997 | Vaults:3 | Received a gift from Trog
 38997 | Vaults:3 | Reached XP level 20. HP: 202/202 MP: 20/20
 39231 | Vaults:3 | Reached skill level 23 in Fighting
 39405 | Vaults:3 | Noticed Jorgrun
 39412 | Vaults:3 | Noticed Saint Roka
 39414 | Vaults:3 | Killed Jorgrun
 39434 | Vaults:3 | Killed Saint Roka
 39590 | Vaults:3 | Received a gift from Trog
 40451 | Vaults:4 | Reached skill level 15 in Dodging
 40710 | Vaults:4 | Noticed Margery
 40718 | Vaults:4 | Received a gift from Trog
 40727 | Vaults:4 | Killed Margery
 41163 | Vaults:4 | Found Rimiol's Antique Armour Shop.
 41246 | Vaults:4 | Reached skill level 24 in Fighting
 41264 | Vaults:4 | Received a gift from Trog
 41324 | Vaults:4 | Reached XP level 21. HP: 187/214 MP: 21/21
 41878 | Elf:1    | Entered Level 1 of the Elven Halls
 42014 | Elf:1    | Received a gift from Trog
 42180 | Elf:1    | Found Necwued's Assorted Antiques.
 42377 | Elf:1    | Received a gift from Trog
 43372 | Elf:2    | Found a runed gate.
 43373 | Elf:2    | Found a runed gate.
 43373 | Elf:2    | Found a runed gate.
 43746 | Elf:2    | Received a gift from Trog
 43760 | Elf:2    | Got an encrusted scale mail
 43771 | Elf:2    | Identified the +5 scale mail "Ziyfask" {-Tele rN+++ Str-5 Dex+3} (You found it on level 2 of the Elven Halls)
 43879 | Elf:2    | Got a spiked hat
 43885 | Elf:2    | Identified the +1 hat of Gluttony {-Tele rElec rF+++ rCorr} (You acquired it on level 2 of the Elven Halls)
 44029 | Elf:2    | Noticed Aizul
 44072 | Elf:2    | Killed Aizul
 44492 | Elf:2    | Reached skill level 25 in Fighting
 44877 | Vaults:5 | Entered Level 5 of the Vaults
 44891 | Vaults:4 | Received a gift from Trog
 45025 | Vaults:4 | Reached XP level 22. HP: 207/226 MP: 22/22
 45085 | Vaults:5 | Noticed a golden dragon
 45477 | Vaults:4 | Killed a golden dragon
 45477 | Vaults:4 | Received a gift from Trog
 46076 | Vaults:5 | Noticed Jory
 46091 | Vaults:4 | Reached skill level 26 in Fighting
 46116 | Vaults:4 | Killed Jory
 46835 | Vaults:4 | Received a gift from Trog
 47357 | Vaults:5 | Identified the Reference Book on the Igneous Traveller
 47702 | Vaults:5 | Received a gift from Trog
 47702 | Vaults:5 | Reached XP level 23. HP: 196/238 MP: 23/23
 47881 | Vaults:5 | Got a silver rune of Zot
 48928 | Elf:3    | Entered Level 3 of the Elven Halls
 48944 | Elf:3    | Received a gift from Trog
 49300 | Elf:3    | Reached skill level 27 in Fighting
 49329 | Elf:3    | HP: 7/240 [balrug/divine providence[a deep elf demonologist] (13)]
 49330 | Elf:3    | HP: 1/240 [Executioner[a deep elf demonologist] (8)]
 49331 | Elf:3    | Slain by an Executioner

Vault maps used:
D:1:      lightli_arrival_chessboard, grunt_decor_arrowhead,
          minmay_misc_feat_room
D:2:      nicolae_dithmenos_through_a_glass_darkly
D:3:      minmay_overflow_temple_hex, grunt_ministairs_12
D:4:      minmay_misc_feat_square
D:5:      first_bread, minmay_door_square, kennysheep_generic_room_14
D:6:      lemuel_upstairs_altar, columned_hall_lemuel
D:7:      lemuel_doored_altar, minmay_temple_entry_hall
D:8:      overflow_temple_1_default
D:9:      uniq_joseph
D:10:     hangedman_fish_farm, uniq_psyche, uniq_josephine, uniq_harold
D:11:     orc_0_dummy, serial_shops, freezing_bzr
D:12:     fedhas_altar_3, uniq_frances
D:14:     lemuel_castle_with_subvaults, grunt_vaults_entry_fortified,
          basic_altar, evilmike_ruin_ashenzari
D:15:     gammafunk_enter_depths_forms, hangedman_abyss_or_decor_lesser_grid,
          serial_bayou, serial_bayou_shore_b, serial_bayou_lagoon_a,
          serial_bayou_pond_c, serial_bayou_shore_b, small_chamber_with_monster,
          uniq_sonja
Lair:1:   minmay_holes, uniq_grum
Lair:2:   beast_lair_carwin_large_2, nicolae_swamp_entry_splash_gauntlet,
          dummy_spider_entry, ldierk_geyser, minmay_lair_oklob_chamber,
          serial_bayou_shore_a, infiniplex_staircase_pool
Lair:3:   disabler_island
Lair:4:   lemuel_oklob_altar
Lair:5:   special_room, uniq_urug
Lair:6:   grunt_lair_end_beastmaster, slime_altar_1, grunt_megastairs_5
Swamp:1:  hangedman_swamp_ruin_hall
Swamp:2:  evilmike_swamp_ruin_house_4
Swamp:3:  nicolae_swamp_fairy_circle, hangedman_swamp_pad
Swamp:4:  swamp_old_school
Spider:1: cheibrodos_spider_deadly_dance, spiders_nest_hornet_nest
Spider:2: uniq_donald
Spider:3: nicolae_spider_cling_halls, uniq_agnes
Spider:4: floodkiller_spider_rune_tomb, spider_trap, nicolae_spider_cling_ruins
Orc:1:    cheibrodos_orc_guarddog, nicolae_orc_damp_corner
Orc:2:    st_orc_elflike, special_room, basic_altar, nicolae_for_you_no_charge
Elf:1:    serial_shops, shop, hangedman_elven_crosses_minicolossus
Elf:2:    uniq_aizul
Elf:3:    minmay_elf_hall_golems, hangedman_elf_power_crystal,
          minmay_misc_feat_pillars, due_unseen_surprise
Vaults:1: v_misc_19, v_misc_9, hangedman_vaults_stitches,
          nicolae_vaults_display_case, v_misc_14, serial_ice_h, v_misc_11,
          vaults_room_corners, v_misc_30, vaults_mumra_hex,
          hangedman_vaults_corner_blocks, ontoclasm_vaults_shuriken
Vaults:2: v_rooms_4, v_misc_5, v_misc_4, v_misc_14,
          nicolae_vaults_ninety_degrees, vaults_mumra_lcd, v_misc_11,
          nicolae_vaults_what_the_h, nicolae_vaults_theta,
          vaults_room_semicircle, serial_shops, nicolae_shop_trees, uniq_mennas
Vaults:3: v_misc_4, v_misc_5, nicolae_vaults_octagons, ontoclasm_vaults_hangar,
          minmay_crypt_entry_necro_gods, hangedman_vaults_stretched_pinwheel,
          v_misc_10, nicolae_vaults_windows_and_doors_thing, grunt_vaults_focal,
          ontoclasm_vaults_hangar, nicolae_vaults_big_ls, v_rooms_2,
          vaults_room_pool, hangedman_vaults_impose, uniq_saint_roka,
          uniq_jorgrun, uniq_nikola
Vaults:4: v_misc_3, nicolae_vaults_twisting_passages, vaults_room_pools,
          v_misc_8, ontoclasm_vaults_pinch, v_misc_14,
          vaults_room_stairs_pillars, vaults_room_door_hall,
          ontoclasm_vaults_ring_small, nicolae_vaults_little_squares_4,
          ontoclasm_vaults_gallery, v_misc_2, nicolae_vaults_little_squares_2,
          v_misc_23, v_misc_1, v_rooms_4, serial_shops, nicolae_shop_crystal,
          uniq_margery
Vaults:5: uniq_jory

Skill      XL: |  1  2  3  4  5  6  7  8  9 10 11 12 13 14 15 16 17 18 19 20 21 22 23 |
---------------+----------------------------------------------------------------------+-----
Axes           | 4 5 6 7 8 9 10 12 14 15 17 18 | 18.0
Shields        | 1 2 3 5 7 9 11 12 13 14 16 17 18 19 20 | 20.9
Fighting       | 4 5 6 8 9 11 13 15 17 18 20 21 22 24 25 26 27 | 27.0
Armour         | 3 4 6 8 9 10 12 13 14 15 16 17 18 19 20 21 | 21.6
Evocations     | 1 2 |  2.0
Unarmed Combat | 1 |  1.5
Dodging        | 4 6 8 10 12 13 14 15 16 17 | 17.7

Action                   |  1- 3 |  4- 6 |  7- 9 | 10-12 | 13-15 | 16-18 | 19-21 | 22-24 || total
-------------------------+-------+-------+-------+-------+-------+-------+-------+-------++-------
Melee: Hand axe          |    54 |    89 |   272 |    22 |       |       |       |       ||   437
       Kick              |    12 |    28 |       |       |       |       |       |       ||    40
       Headbutt          |     6 |    19 |    66 |   143 |   197 |   282 |   323 |   137 ||  1173
       War axe           |       |       |       |   644 |       |       |       |       ||   644
       Broad axe         |       |       |       |    36 |  1054 |  1325 |  1265 |   475 ||  4155
Invok: Berserk           |       |     3 |     6 |    10 |     4 |     8 |     4 |     1 ||    36
       Burn Spellbooks   |       |       |     1 |       |     2 |     4 |     3 |     5 ||    15
       Brothers in Arms  |       |       |       |     1 |     7 |    15 |     1 |       ||    24
       Trog's Hand       |       |       |       |     1 |     2 |     2 |     2 |     1 ||     8
 Abil: Evoke Flight      |       |       |       |       |     3 |    10 |       |       ||    13
       Evoke Blink       |       |       |       |       |     2 |     2 |       |       ||     4
Evoke: Wand              |       |       |       |       |     4 |     1 |       |       ||     5
  Use: Potion            |     3 |     5 |     3 |     3 |     2 |       |     3 |     2 ||    21
       Scroll            |       |    12 |     2 |     4 |     8 |    11 |     4 |     5 ||    46
 Stab: Invisible         |       |       |     3 |       |       |       |       |       ||     3
  Eat: Chunk             |     1 |     8 |    17 |    33 |    39 |    40 |    33 |    15 ||   186
       Fruit             |       |       |       |     2 |     5 |    10 |     1 |       ||    18
       Royal jelly       |       |       |       |       |       |     4 |       |       ||     4
Armor: Animal skin       |    10 |       |       |       |       |       |       |       ||    10
       Leather armour    |     4 |     8 |       |       |       |       |       |       ||    12
       Chain mail        |       |    19 |    90 |     5 |       |       |       |       ||   114
       Plate armour      |       |       |       |   324 |   302 |   681 |   171 |   168 ||  1646
Dodge: Dodged            |    46 |    26 |    54 |   105 |   138 |   429 |   150 |   122 ||  1070
Block: Shield            |       |    23 |   101 |   105 |       |       |       |       ||   229
       Large shield      |       |       |       |   419 |   861 |  1941 |  1259 |   679 ||  5159
       Reflection        |       |       |       |       |    41 |    24 |   124 |    53 ||   242
